 Dungeon Crawl Stone Soup version 0.25-a0-700-g7f8a7979f0 (webtiles) character file.

Game seed: 13132836079466467535, levelgen mode: deterministic

244 Iscandelvey the Poker (level 5, -2/38 HPs)
             Began as a Demonspawn Skald on Apr 2, 2020.
             Killed from afar by an orc wizard (9 damage)
             ... with a puff of flame
             ... on level 4 of the Dungeon.
             The game lasted 00:14:06 (3519 turns).

Iscandelvey the Poker (Demonspawn Skald)            Turns: 3519, Time: 00:14:07

Health: -2/38      AC:  3    Str: 12    XL:     5   Next: 83%
Magic:  2/8        EV:  9    Int: 15    God:
Gold:   172        SH:  4    Dex: 12    Spells: 4/9 levels left

rFire    . . .     SeeInvis .   a - +0 spear
rCold    . . .     Gourm    .   (no shield)
rNeg     . . .     Faith    .   b - +0 leather armour
rPois    .         Spirit   .   (helmet restricted)
rElec    .         Reflect  .   (no cloak)
rCorr    .         Harm     .   (no gloves)
MR       .....                  (no boots)
Stlth    +.........             (no amulet)
HPRegen  0.12/turn              (no ring)
MPRegen  0.11/turn              (no ring)

@: singing (expiring), very slightly contaminated, constricted
A: horns 1, large bone plates 1, powered by death 1
a: no special abilities


You were on level 4 of the Dungeon.
You were very hungry.

You visited 1 branch of the dungeon, and saw 4 of its levels.

You collected 172 gold pieces.

Inventory:

Hand Weapons
 a - a +0 spear (weapon)
 k - a +3 dagger
 t - a +0 halberd
 u - a +2 short sword of speed
Missiles
 i - 22 poisoned darts (quivered)
Armour
 b - a +0 leather armour (worn)
 l - a +0 scale mail
Scrolls
 c - 3 scrolls of identify {unknown}
 e - a scroll of amnesia {unknown}
 f - a scroll of fear {unknown}
 h - a scroll of enchant weapon {unknown}
 j - 6 scrolls of remove curse {unknown}
 m - a scroll of teleportation {unknown}
 o - a scroll of fog {unknown}
 q - a scroll of blinking {unknown}
 v - a scroll of enchant armour {unknown}
Potions
 n - a potion of stabbing {unknown}
 p - a potion of berserk rage {unknown}
 r - a potion of flight {unknown}
Comestibles
 d - 5 rations


   Skills:
 + Level 2.2 Fighting
 * Level 3.5 Polearms
 + Level 1.4 Throwing
 + Level 2.0 Armour
 + Level 2.5 Dodging
 + Level 2.6 Spellcasting
 + Level 3.2 Charms


You had 4 spell levels left.
You knew the following spells:

 Your Spells              Type           Power        Failure   Level  Hunger
a - Infusion              Chrm           ##..         7%          1    #......
b - Shroud of Golubria    Chrm/Tloc      #.....       21%         2    ###....
c - Song of Slaying       Chrm           ##......     11%         2    ###....

Your spell library contained the following spells:

 Spells                   Type           Power        Failure   Level  Hunger
 Ozocubu's Armour         Chrm/Ice       #.......     38%         3    ###....
 Spectral Weapon          Hex/Chrm       #.......     38%         3    ###....


Dungeon Overview and Level Annotations

Branches:
Dungeon (4/15)
 Temple: D:4-7

Altars:
Nemelex Xobeh


Innate Abilities, Weirdness & Mutations

You have a pair of small horns on your head.
You are partially covered in large bone plates. (SH +4)
You regenerate a little health from kills.


Message History

The quokka skeleton bites you but does no damage.
Something hits you but does no damage. The orc barely misses you.
The ball python barely misses you. The ball python constricts you.
You closely miss the ball python. The quokka skeleton closely misses you.
Something hits you.
* * * LOW HITPOINT WARNING * * *
The ball python barely misses you. The ball python constricts you.
The orc hits you with a +0 mace.
* * * LOW HITPOINT WARNING * * *
It was a potion of curing.
You feel better.
Your song is almost over.
The quokka skeleton bites you.
* * * LOW HITPOINT WARNING * * *
The ball python closely misses you.
* * * LOW HITPOINT WARNING * * *
The ball python constricts you.
You hear some strange, mumbled words.
A puff of flame appears from out of thin air!
The puff of flame hits you!
You die...

... #. ...##
...##.###....##
.........#...<.
....)..........
.............
...........
......S..#
......Z@.#
......{o.#
.........#
####....##
#....# #)...#
#....# #....#


You could see an orc, a ball python and a quokka skeleton.

Vanquished Creatures
  An orc priest (D:3)
  An orc wizard (D:3)
  3 gnolls (D:3)
  6 adders
  4 oozes
  3 worms
  3 dart slugs
  A leopard gecko (D:1)
  7 orcs
  A ball python (D:1)
  10 bats
  A giant cockroach (D:2)
  6 goblins
  8 hobgoblins
  2 jackals (D:1)
  4 kobolds
  6 frilled lizards
  6 rats
73 creatures vanquished.

Notes
Turn   | Place    | Note
-------+----------+-------------------------------------------
     0 | D:1      | Iscandelvey the Demonspawn Skald began the quest for the
                  | Orb.
     0 | D:1      | Reached XP level 1. HP: 16/16 MP: 3/3
    62 | D:1      | Reached skill level 1 in Armour
    87 | D:1      | Gained mutation: You regenerate a little health from kills.
                  | [demonic ancestry]
    87 | D:1      | Reached XP level 2. HP: 1/22 MP: 0/5
    89 | D:1      | HP: 1/22 [bat (1)]
  1159 | D:1      | Learned a level 2 spell: Shroud of Golubria
  1162 | D:1      | Learned a level 2 spell: Song of Slaying
  1196 | D:2      | Gained mutation: You have a pair of small horns on your
                  | head. [demonic ancestry]
  1196 | D:2      | Reached XP level 3. HP: 24/27 MP: 6/6
  1670 | D:2      | Gained mutation: You are partially covered in large bone
                  | plates. (SH +4) [demonic ancestry]
  1670 | D:2      | Reached XP level 4. HP: 24/33 MP: 1/7
  2184 | D:2      | Found a faded altar of an unknown god.
  2419 | D:3      | Reached skill level 1 in Throwing
  2598 | D:3      | Reached XP level 5. HP: 38/38 MP: 8/8
  2787 | D:3      | Found a sparkling altar of Nemelex Xobeh.
  3519 | D:4      | Killed from afar by an orc wizard

Levels and vault maps discovered:
D:1:      saegor_arrival_simple_d, layout_loops_ring, st_stairs_12,
          minmay_misc_feat_nine_boxes
D:2:      layout_basic, chequers_ecumenical_altar_simple, first_ration
D:3:      layout_loops_ring, nemelex_dance_club_becter
D:4:      layout_rooms, st_stairs_13

Skill      XL: |  1  2  3  4  5 |
---------------+----------------+-----
Armour         | 1 2 |  2.0
Polearms       | 2 3 |  3.5
Dodging        | 2 |  2.5
Charms         | 3 |  3.2
Throwing       | 1 |  1.4
Fighting       | |  2.2
Spellcasting   | |  2.6

Action                   |  1- 3 |  4- 6 || total
-------------------------+-------+-------++-------
Melee: Spear             |   147 |   109 ||   256
       Headbutt          |     7 |    18 ||    25
       Halberd           |       |    18 ||    18
       Dagger            |       |     5 ||     5
Throw: Dart              |     3 |    15 ||    18
 Cast: Infusion          |     5 |     3 ||     8
       Shroud of Golubri |     2 |     4 ||     6
       Song of Slaying   |       |     1 ||     1
  Use: Potion            |       |     1 ||     1
 Stab: Distracted        |     1 |       ||     1
       Sleeping          |       |     1 ||     1
  Eat: Chunk             |     3 |     5 ||     8
Armor: Leather armour    |    16 |    28 ||    44
Dodge: Dodged            |    77 |    75 ||   152
Block: Other             |       |    14 ||    14

Table legend:
 A = Non-vault XP
 B = Vault XP
 C = Vault XP percentage of total XP
 D = Non-vault monster count
 E = Vault monster count
 F = Vault count percentage of total count
                 A         B        C        D         E       F
            +---------+---------+-------+---------+---------+-------
      Total |     332 |      17 |   4.9 |      69 |       4 |   5.5
            +---------+---------+-------+---------+---------+-------
        D:1 |      31 |       7 |  18.4 |      16 |       2 |  11.1
        D:2 |     106 |       0 |   0.0 |      27 |       0 |   0.0
        D:3 |     186 |      10 |   5.1 |      23 |       2 |   8.0
        D:4 |       9 |       0 |   0.0 |       3 |       0 |   0.0
            +---------+---------+-------+---------+---------+-------
